 Dungeon Crawl Stone Soup version 0.24.0-35-gdb84b6a5db (webtiles) character file.

Game seed: 1651346975498595730, levelgen mode: deterministic

72 Emblim88 the Grave Robber (level 4, -1/38 HPs)
             Began as a Deep Dwarf Necromancer on Nov 17, 2019.
             Slain by Sigmund
             ... wielding a +0 scythe
              (10 damage)
             ... on level 2 of the Dungeon.
             The game lasted 00:07:44 (1366 turns).

Emblim88 the Grave Robber (Deep Dwarf Necromancer)  Turns: 1366, Time: 00:07:44

Health: -1/38      AC:  2    Str: 12    XL:     4   Next: 7%
Magic:  3/3        EV: 13    Int: 16    God:
Gold:   26         SH:  0    Dex: 13    Spells: 3/7 levels left

rFire    . . .     SeeInvis .   d - +0 dagger
rCold    . . .     Gourm    .   (no shield)
rNeg     . . .     Faith    +   a - +0 robe
rPois    .         Spirit   .   (no helmet)
rElec    .         Reflect  .   (no cloak)
rCorr    .         Harm     .   (no gloves)
MR       .....                  (no boots)
Stlth    ++........             j - amulet of faith
HPRegen  0.00/turn              (no ring)
MPRegen  0.08/turn              (no ring)

@: non-regenerating
A: damage resistance, heal wounds, sense surroundings 1, no regeneration
a: Heal Wounds


You were on level 2 of the Dungeon.
You were near starving.

You visited 1 branch of the dungeon, and saw 2 of its levels.

You collected 26 gold pieces.

Inventory:

Hand Weapons
 d - a +0 dagger (weapon)
 g - a +0 club
Armour
 a - a +0 robe (worn)
Jewellery
 j - an amulet of faith (around neck)
Wands
 k - a wand of disintegration (18)
Scrolls
 e - a scroll of fog {unknown}
 f - a scroll of enchant armour {unknown}
 l - a scroll of identify {unknown}
Potions
 b - a potion of curing {unknown}
 h - a potion of lignification {unknown}
 i - a potion of brilliance {unknown}
Comestibles
 c - 3 rations


   Skills:
 * Level 1.2 Fighting
 + Level 0.5 Maces & Flails
 * Level 1.3 Armour
 + Level 2.4 Dodging
 + Level 2.6 Stealth
 + Level 2.1 Spellcasting
 + Level 5.0 Necromancy


You had 3 spell levels left.
You knew the following spells:

 Your Spells              Type           Power        Failure   Level  Hunger
a - Pain                  Necr           ###.         2%          1    #......
b - Vampiric Draining     Necr           ###.......   8%          3    ###....

Your spell library contained the following spells:

 Spells                   Type           Power        Failure   Level  Hunger
 Animate Skeleton         Necr           N/A          2%          1    #......
 Animate Dead             Necr           N/A          26%         4    #####..
 Regeneration             Chrm/Necr      Unusable     N/A         3    N/A

Dungeon Overview and Level Annotations

Branches:
Dungeon (2/15)

Altars:

Annotations:
D:2 Sigmund


Innate Abilities, Weirdness & Mutations

You are resistant to damage.
You can heal yourself by infusing magical energy.
You passively map a small area around you.
You do not regenerate.


Message History

You miss something.
You hear some strange, mumbled words.
Something tries to affect you, but you resist.
You closely miss something. Something hits you!
* * * LOW HITPOINT WARNING * * *
You fail to use your ability.
Something hits you but does no damage.
You barely miss something. You closely miss something.
Something hits you but does no damage.
You miss something. Something barely misses you.
Your magical essence is drained by the effort!
You feel much better.
You barely miss something. Something hits you.
You closely miss something. Something hits you!
You barely miss something. You barely miss something. Something hits you.
You completely miss something. Something hits you!
* * * LOW HITPOINT WARNING * * *
You hit something. You miss something. Something hits you!
You die...

#...#.#...#
##.#._.#..#
* , *
#..#.#...# *
,
.....#....#
,
...........#
,
.........#.#
,
>..#####.#.#
* , .. #.#{#
* * #.#@# *
#.#.# #.#.#
* #.# , * ,
#.# * #.#
#.# ..# *
.$. ,


There were no monsters in sight!

Vanquished Creatures
  Robin (D:2)
  An adder (D:2)
  An ooze (D:2)
  2 dart slugs (D:1)
  2 leopard geckos (D:1)
  A giant cockroach (D:1)
  10 goblins
  9 hobgoblins
  2 bats (D:1)
  3 frilled lizards (D:1)
  4 kobolds (D:1)
  4 rats (D:1)
40 creatures vanquished.

Notes
Turn   | Place    | Note
-------+----------+-------------------------------------------
     0 | D:1      | Emblim88 the Deep Dwarf Necromancer began the quest for the
                  | Orb.
     0 | D:1      | Reached XP level 1. HP: 15/15 MP: 3/3
   194 | D:1      | Reached XP level 2. HP: 20/24 MP: 0/4
   561 | D:1      | Reached skill level 1 in Armour
   694 | D:1      | Reached XP level 3. HP: 19/30 MP: 0/4
   744 | D:1      | Learned a level 3 spell: Vampiric Draining
  1130 | D:2      | Noticed Sigmund
  1180 | D:2      | Found a faded altar of an unknown god.
  1181 | D:2      | Noticed Robin
  1194 | D:2      | Reached skill level 5 in Necromancy
  1230 | D:2      | Reached skill level 1 in Fighting
  1330 | D:2      | Killed Robin
  1330 | D:2      | Reached XP level 4. HP: 31/38 MP: 4/4
  1366 | D:2      | Slain by Sigmund

Levels and vault maps discovered:
D:1:      lightli_arrival_isolated_outpost, layout_basic, minmay_split_cup_small
D:2:      layout_loops_ring, lemuel_blue_sif_altar,
          chequers_ecumenical_altar_simple_redux, minmay_misc_feat_plants,
          uniq_sigmund, uniq_terence, uniq_natasha, uniq_robin

Skill      XL: |  1  2  3 |
---------------+----------+-----
Armour         | 1 |  1.3
Spellcasting   | 2 |  2.1
Necromancy     | 5 |  5.0
Fighting       | 1 |  1.2
Maces & Flails | |  0.5
Dodging        | |  2.4
Stealth        | |  2.6

Action                   |  1- 3 |  4- 6 || total
-------------------------+-------+-------++-------
Melee: Dagger            |   162 |    15 ||   177
       Club              |    18 |       ||    18
 Cast: Pain              |    44 |       ||    44
 Abil: Heal Wounds       |    16 |     1 ||    17
 Stab: Sleeping          |     2 |       ||     2
  Eat: Chunk             |     1 |       ||     1
Armor: Robe              |    39 |     1 ||    40
Dodge: Dodged            |   264 |     3 ||   267
